 Dungeon Crawl Stone Soup version 0.30-a0-782-ge64f9170bb (webtiles) character file.

Game seed: 5672314510586399196

1801 Nedwor the Cutter (level 8, -1/63 HPs)
             Began as a Demonspawn Gladiator on Feb 24, 2023.
             Slain by a vampire (5 damage)
             ... on level 7 of the Dungeon on Feb 25, 2023.
             The game lasted 00:08:25 (5129 turns).

Nedwor the Cutter (Demonspawn Gladiator)            Turns: 5129, Time: 00:08:26

Health: -1/63      AC: 13    Str: 16    XL:     8   Next: 83%
Magic:  8/8        EV:  9    Int: 10    God:
Gold:   255        SH:  0    Dex: 21    Spells: 7/7 levels left

rFire   . . .      SeeInvis .    i - +4 short sword
rCold   . . .      Faith    .    (no shield)
rNeg    . . .      Spirit   .    k - +0 chain mail
rPois   .          Reflect  .    (helmet restricted)
rElec   .          Harm     .    a - +1 cloak
rCorr   .          Rampage  .    (no gloves)
Will    .....                    (no boots) Stlth
                                 (no amulet)
HPRegen 0.30/turn                h - +6 ring of dexterity
MPRegen 0.11/turn                (no ring)

@: no status effects
A: horns 1, yellow scales 1, powered by death 1, demonic magic 1
a: no special abilities


You were on level 7 of the Dungeon.
You visited 2 branches of the dungeon, and saw 8 of its levels.

You collected 255 gold pieces.

Inventory:

Hand Weapons
 i - a +4 short sword (weapon)
Missiles
 p - a throwing net (quivered)
Armour
 a - a +1 cloak (worn)
 k - a +0 chain mail (worn)
Jewellery
 h - a +6 ring of dexterity (left hand)
 m - a ring of wizardry
Wands
 l - a wand of flame (19)
Scrolls
 b - a scroll of enchant armour
 f - 2 scrolls of teleportation
 n - 3 scrolls of identify
 o - a scroll of torment {unknown}
 q - a scroll of immolation {unknown}
Potions
 c - a potion of flight {unknown}
 d - a potion of curing
 e - a potion of brilliance {unknown}
 g - 2 potions of haste {unknown}
 j - 2 potions of ambrosia {unknown}


   Skills:
 + Level 5.4 Fighting
 * Level 7.1 Short Blades
 - Level 1.7 Throwing
 + Level 4.5 Armour
 + Level 5.3 Dodging


You had 7 spell levels left.
You didn't know any spells.
Your spell library contained the following spells:

 Spells                   Type           Power      Damage    Failure   Level
 Vhi's Electric Charge    Tloc/Air       0%         N/A       100%        3
 Arcjolt                  Conj/Air       0%         1d10      100%        5
 Maxwell's Capacitive Co  Air            0%         ∞         100%        8


Dungeon Overview and Level Annotations

Branches:
Dungeon (7/15)             Temple (1/1) D:6

Altars:
Ashenzari
Cheibriados
Dithmenos
Fedhas
Gozag
Hepliaklqana
Kikubaaqudgha
Makhleb
Okawaru
Qazlal
Ru
Sif Muna
Trog
Wu Jian
Xom
Yredelemnul


Innate Abilities, Weirdness & Mutations

You have a pair of small horns on your head.
You are partially covered in yellow scales. (AC +2)
You regenerate a little health from kills.
Spells you cast may paralyse adjacent enemies.


Message History

Deactivating autopickup; reactivate with Ctrl-A.
No target in view!
No target in view!
No target in view!
You hit something. Your headbutt misses something. You closely miss something.
Something hits you. Something bites you but does no damage.
You closely miss something. Something hits you. Something bites you!
Something draws strength from your injuries!
You miss something. You headbutt something. You hit something but do no damage.
You headbutt something. Something hits you. Something bites you!
Something draws strength from your injuries!
You hit something but do no damage. You headbutt something.
Something hits you but does no damage. Something bites you but does no damage.
You closely miss something. You hit something but do no damage.
Something hits you but does no damage. Something bites you.
Something draws strength from your injuries!
You barely miss something. Your headbutt misses something.
You hit something but do no damage. Your headbutt misses something.
Something hits you! Something bites you.
Something draws strength from your injuries!
You hit something. Something hits you but does no damage.
Something bites you but does no damage.
You hit something but do no damage. You headbutt something. You miss something.
Something hits you.
* * * LOW HITPOINT WARNING * * *
Something bites you but does no damage.
You hit something. Something hits you but does no damage. Something bites you.
* * * LOW HITPOINT WARNING * * *
Something draws strength from your injuries!
You hit something but do no damage. You closely miss something.
You hear some strange, mumbled words.
Something tries to affect you, but you resist.
You hit something but do no damage. Something hits you!
* * * LOW HITPOINT WARNING * * *
Something bites you.
You die...

#### ....
#########..#
#.....<@{..#
#.######...#
...# ...#
...# ##.# ..
...


There were no monsters in sight!

Vanquished Creatures
  Grinder (D:4)
  A wyvern (D:5)
  2 orc warriors
  A sky beast (D:5)
  2 ogres
  2 black bears (D:5)
  2 phantoms
  A scorpion (D:4)
  2 hounds (D:6)
  2 jellies
  A gnoll bouda (D:4)
  2 orc priests
  An iguana (D:6)
  3 orc wizards
  10 adders
  11 gnolls
  2 white imps
  An ufetubus (D:5)
  2 dart slugs
  19 orcs
  15 ball pythons
  4 bats
  4 endoplasms
  2 giant cockroaches (D:1)
  11 goblins
  4 hobgoblins
  2 quokkas (D:2)
  A frilled lizard (D:2)
  7 kobolds
  3 rats
121 creatures vanquished.

Vanquished Creatures (others)
  3 fungi (D:5)
3 creatures vanquished.

Grand Total: 124 creatures vanquished

Notes
Turn   | Place    | Note
-------+----------+-------------------------------------------
     0 | D:1      | Nedwor the Demonspawn Gladiator began the quest for the
                  | Orb.
     0 | D:1      | Reached XP level 1. HP: 16/16 MP: 1/1
   199 | D:1      | Gained mutation: You regenerate a little health from kills.
                  | [demonic ancestry]
   199 | D:1      | Reached XP level 2. HP: 22/22 MP: 2/2
   259 | D:1      | Reached skill level 3 in Short Blades
   757 | D:2      | Reached skill level 1 in Armour
   757 | D:2      | Gained mutation: You have a pair of small horns on your
                  | head. [demonic ancestry]
   757 | D:2      | Reached XP level 3. HP: 22/28 MP: 3/3
  1231 | D:3      | Found a shimmering blue altar of Sif Muna.
  1312 | D:3      | Found a hazy altar of Hepliaklqana.
  1342 | D:3      | Gained mutation: You are partially covered in yellow
                  | scales. (AC +2) [demonic ancestry]
  1342 | D:3      | Reached XP level 4. HP: 34/34 MP: 4/4
  1597 | D:3      | Reached XP level 5. HP: 22/40 MP: 5/5
  1774 | D:4      | Reached skill level 4 in Short Blades
  2025 | D:4      | Gained mutation: Spells you cast may paralyse adjacent
                  | enemies. [demonic ancestry]
  2025 | D:4      | Reached XP level 6. HP: 39/47 MP: 6/6
  2076 | D:4      | Identified the +4 trident of the Equinox {heavy, rPois
                  | Dex+8}
  2215 | D:4      | Noticed Grinder
  2229 | D:4      | Killed Grinder
  2230 | D:4      | Reached skill level 5 in Short Blades
  2230 | D:4      | Reached XP level 7. HP: 24/53 MP: 7/7
  2947 | D:5      | Entered Level 5 of the Dungeon
  3168 | D:5      | Found a shimmering altar of Xom.
  3226 | D:5      | Found a blossoming altar of Fedhas.
  3313 | D:5      | Reached skill level 6 in Short Blades
  3313 | D:5      | Reached XP level 8. HP: 47/61 MP: 8/8
  3443 | D:5      | You fall into a shaft and drop 1 floor!
  3493 | D:6      | Found a staircase to the Ecumenical Temple.
  3503 | Temple   | Entered the Ecumenical Temple
  4319 | D:6      | Reached skill level 5 in Dodging
  4464 | D:6      | Reached skill level 5 in Fighting
  4598 | D:5      | Reached skill level 7 in Short Blades
  5129 | D:7      | Slain by a vampire

Illustrated notes

Levels and vault maps discovered:
D:1:      dpeg_arrival_central, layout_rooms, minmay_nonomino_d4
D:2:      layout_basic
D:3:      cheibrodos_helix_gallery, layout_rooms,
          worldfamousw_hep_ancestral_shrine, nicolae_sif_muna_little_library
D:4:      layout_loops_corners, uniq_grinder
D:5:      layout_basic, old_standard_altar, fedhas_altar_3
D:6:      layout_basic, minmay_temple_entry_statues_pillars,
          chequers_serial_rivers_micro_b
D:7:      layout_loops_ring, enter_ossuary_4, enter_bailey_3,
          serial_bayou_lagoon_a, nicolae_nh_ransacked_shop, uniq_duvessa,
          uniq_pikel, uniq_crazy_yiuf_cottage
Temple:   minmay_temple_bridge_abc

Skill      XL: |  1  2  3  4  5  6  7  8 |
---------------+-------------------------+-----
Short Blades   | 3 4 5 6 7 |  7.1
Armour         | 1 2 3 4 |  4.5
Dodging        | 3 4 5 |  5.3
Fighting       | 3 4 5 |  5.4
Throwing       | |  1.7

Action                     |  1- 3 |  4- 6 |  7- 9 || total
---------------------------+-------+-------+-------++-------
  Melee: Rapier            |    28 |       |       ||    28
         Short sword       |    62 |   127 |   254 ||   443
         Headbutt          |     4 |    22 |    55 ||    81
         Punch             |       |     2 |     2 ||     4
    Use: Scroll            |     6 |       |       ||     6
         Potion            |       |     2 |       ||     2
   Stab: Sleeping          |     1 |       |       ||     1
 Armour: Leather armour    |    15 |       |       ||    15
         Scale mail        |     8 |    73 |     4 ||    85
         Chain mail        |       |       |   118 ||   118
  Dodge: Dodged            |    51 |    52 |    99 ||   202

Table legend: (Time is in decaauts)
 A = Elapsed time spent in this place.
 B = Non-inter-level travel time spent in this place.
 C = Inter-level travel time spent in this place.
 D = Time resting spent in this place.
 E = Time spent auto-exploring this place.
 F = Levels seen in this place.
 G = Mean time per level.
                   A        B        C        D        E       F      G
               +--------+--------+--------+--------+--------+-----+--------+
         Total |   5031 |   4763 |    268 |    187 |   3735 |   8 |  628.9 |
       Dungeon |   4820 |   4571 |    249 |    187 |   3568 |   7 |  688.6 |
        Temple |    211 |    193 |     18 |      0 |    167 |   1 |  211.0 |
               +--------+--------+--------+--------+--------+-----+--------+

Top non-repeatable levels by time:
     D:4: 1176 daAuts
     D:5: 972 daAuts
     D:6: 919 daAuts
     D:2: 614 daAuts
     D:1: 586 daAuts
     D:3: 538 daAuts
  Temple: 211 daAuts
     D:7: 12 daAuts
